Workbook
Name année: 'GESTION FINANCIERE 2014'!$W$70:$W$76
Name choix: 'GESTION FINANCIERE 2014'!$W$61:$W$68
Name CIF: 'GESTION FINANCIERE 2014'!$W$85:$W$87
Name cola: OFFSET('Données Effectif'!$A$12,,,COUNTA('Données Effectif'!#REF!)-1)
Name CONTRAT: 'Données Effectif'!$Z$13:$Z$15
Name DISPOSITIFS: 'PROJET FORMATIONS 2014'!$Y$3:$Y$8
Name franchissement: 'GESTION FINANCIERE 2014'!$W$71:$W$76
Name listenoms: OFFSET('Données Effectif'!#REF!,,,COUNTIF('Données Effectif'!#REF!,"><"))
Name MS: 'GESTION FINANCIERE 2014'!$L$5
Name NOMS: 'Données Effectif'!$A$12:$A$106
Name PRENOMS: 'Données Effectif'!$B$12:$B$106
Name pro: 'GESTION FINANCIERE 2014'!$W$78:$W$84
Name prof: 'GESTION FINANCIERE 2014'!$W$77:$W$83
Name TYPEDEFORMATION: 'PROJET FORMATIONS 2014'!$R$3:$R$5

Sheet Données Effectif
B1: Données/effectifs dans le cadre de l'externalisation
A6: Colonnes à compléter obligatoirement
A9: ATTENTION NE SAISIR QUE LES COLONNES GRISE POUR LES FINS DE VALIDITE ATTENTION NE SAISIR QUE LES COLONNES GRISE POUR LES FINS DE VALIDITE ATTENTION NE SAISIR QUE LES COLONNES GRISE POUR LES FINS DE VALIDITE
A10: NOM | B10: Prénom | C10: N° SS | D10: Date de Naissance | E10: Taux Horaire Brut | F10: Poste | G10: Diplôme(s) | H10: Type de contrat | I10: Entre(e) le | J10: Emploi à temps (Nbre H/Mois) | L10: PERMIS : Dates de | N10: FCO : Dates de | P10: CACES : Dates de | R10: Mat. dangereuses : Dates de | T10: Mat. dangereuses PETRO: Dates de | V10: SST | X10: Nbre d'heures DIF déjà consommées
J11: Plein | K11: Partiel | L11: Visite Médicale | M11: Fin de validité | N11: Formation | O11: Fin de validité | P11: Formation | Q11: Fin de validité | R11: Formation | S11: Fin de validité | T11: Formation | U11: Fin de validité | V11: Formation | W11: Fin de validité
A12: Dubois | B12: Jean-Marc | M12: =IF(L12="","",DATE(YEAR(L12)+5,MONTH(L12),DAY(L12)-1)) | O12: =IF(N12="","",DATE(YEAR(N12)+5,MONTH(N12),DAY(N12)-1)) | Q12: =IF(P12="","",DATE(YEAR(P12)+5,MONTH(P12),DAY(P12)-1)) | S12: =IF(R12="","",DATE(YEAR(R12)+5,MONTH(R12),DAY(R12)-1)) | U12: =IF(T12="","",DATE(YEAR(T12)+5,MONTH(T12),DAY(T12)-1)) | W12: =IF(V12="","",V12+(2*365)+2)
A13: Dubois | B13: Francoise | M13: =IF(L13="","",DATE(YEAR(L13)+5,MONTH(L13),DAY(L13)-1)) | O13: =IF(N13="","",DATE(YEAR(N13)+5,MONTH(N13),DAY(N13)-1)) | Q13: =IF(P13="","",DATE(YEAR(P13)+5,MONTH(P13),DAY(P13)-1)) | S13: =IF(R13="","",DATE(YEAR(R13)+5,MONTH(R13),DAY(R13)-1)) | U13: =IF(T13="","",DATE(YEAR(T13)+5,MONTH(T13),DAY(T13)-1)) | W13: =IF(V13="","",V13+(2*365)+2) | Z13: CDI
A14: Dutto | B14: Franck | L14: 40158 | M14: =IF(L14="","",DATE(YEAR(L14)+5,MONTH(L14),DAY(L14)-1)) -> 41983 | O14: =IF(N14="","",DATE(YEAR(N14)+5,MONTH(N14),DAY(N14)-1)) | Q14: =IF(P14="","",DATE(YEAR(P14)+5,MONTH(P14),DAY(P14)-1)) | S14: =IF(R14="","",DATE(YEAR(R14)+5,MONTH(R14),DAY(R14)-1)) | U14: =IF(T14="","",DATE(YEAR(T14)+5,MONTH(T14),DAY(T14)-1)) | W14: =IF(V14="","",DATE(YEAR(V14)+2,MONTH(V14),DAY(V14)-1))
A15: Goya | B15: Laurence | M15: =IF(L15="","",DATE(YEAR(L15)+5,MONTH(L15),DAY(L15)-1)) | O15: =IF(N15="","",DATE(YEAR(N15)+5,MONTH(N15),DAY(N15)-1)) | Q15: =IF(P15="","",DATE(YEAR(P15)+5,MONTH(P15),DAY(P15)-1)) | S15: =IF(R15="","",DATE(YEAR(R15)+5,MONTH(R15),DAY(R15)-1)) | U15: =IF(T15="","",DATE(YEAR(T15)+5,MONTH(T15),DAY(T15)-1)) | W15: =IF(V15="","",V15+(2*365)+2) | Z15: CDD
A16: KURI | B16: Hulya | M16: =IF(L16="","",DATE(YEAR(L16)+5,MONTH(L16),DAY(L16)-1)) | O16: =IF(N16="","",DATE(YEAR(N16)+5,MONTH(N16),DAY(N16)-1)) | Q16: =IF(P16="","",DATE(YEAR(P16)+5,MONTH(P16),DAY(P16)-1)) | S16: =IF(R16="","",DATE(YEAR(R16)+5,MONTH(R16),DAY(R16)-1)) | U16: =IF(T16="","",DATE(YEAR(T16)+5,MONTH(T16),DAY(T16)-1)) | W16: =IF(V16="","",V16+(2*365)+2)
A17: Lallemand | B17: Florence | M17: =IF(L17="","",DATE(YEAR(L17)+5,MONTH(L17),DAY(L17)-1)) | O17: =IF(N17="","",DATE(YEAR(N17)+5,MONTH(N17),DAY(N17)-1)) | Q17: =IF(P17="","",DATE(YEAR(P17)+5,MONTH(P17),DAY(P17)-1)) | S17: =IF(R17="","",DATE(YEAR(R17)+5,MONTH(R17),DAY(R17)-1)) | U17: =IF(T17="","",DATE(YEAR(T17)+5,MONTH(T17),DAY(T17)-1)) | W17: =IF(V17="","",V17+(2*365)+2)
A18: Lallemand | B18: Christophe | M18: =IF(L18="","",DATE(YEAR(L18)+5,MONTH(L18),DAY(L18)-1)) | O18: =IF(N18="","",DATE(YEAR(N18)+5,MONTH(N18),DAY(N18)-1)) | Q18: =IF(P18="","",DATE(YEAR(P18)+5,MONTH(P18),DAY(P18)-1)) | S18: =IF(R18="","",DATE(YEAR(R18)+5,MONTH(R18),DAY(R18)-1)) | U18: =IF(T18="","",DATE(YEAR(T18)+5,MONTH(T18),DAY(T18)-1)) | W18: =IF(V18="","",V18+(2*365)+2)
M19: =IF(L19="","",DATE(YEAR(L19)+5,MONTH(L19),DAY(L19)-1)) | O19: =IF(N19="","",DATE(YEAR(N19)+5,MONTH(N19),DAY(N19)-1)) | Q19: =IF(P19="","",DATE(YEAR(P19)+5,MONTH(P19),DAY(P19)-1)) | S19: =IF(R19="","",DATE(YEAR(R19)+5,MONTH(R19),DAY(R19)-1)) | U19: =IF(T19="","",DATE(YEAR(T19)+5,MONTH(T19),DAY(T19)-1)) | W19: =IF(V19="","",V19+(2*365)+2)
M20: =IF(L20="","",DATE(YEAR(L20)+5,MONTH(L20),DAY(L20)-1)) | O20: =IF(N20="","",DATE(YEAR(N20)+5,MONTH(N20),DAY(N20)-1)) | Q20: =IF(P20="","",DATE(YEAR(P20)+5,MONTH(P20),DAY(P20)-1)) | S20: =IF(R20="","",DATE(YEAR(R20)+5,MONTH(R20),DAY(R20)-1)) | U20: =IF(T20="","",DATE(YEAR(T20)+5,MONTH(T20),DAY(T20)-1)) | W20: =IF(V20="","",V20+(2*365)+2)
M21: =IF(L21="","",DATE(YEAR(L21)+5,MONTH(L21),DAY(L21)-1)) | O21: =IF(N21="","",DATE(YEAR(N21)+5,MONTH(N21),DAY(N21)-1)) | Q21: =IF(P21="","",DATE(YEAR(P21)+5,MONTH(P21),DAY(P21)-1)) | S21: =IF(R21="","",DATE(YEAR(R21)+5,MONTH(R21),DAY(R21)-1)) | U21: =IF(T21="","",DATE(YEAR(T21)+5,MONTH(T21),DAY(T21)-1)) | W21: =IF(V21="","",V21+(2*365)+2)
M22: =IF(L22="","",DATE(YEAR(L22)+5,MONTH(L22),DAY(L22)-1)) | O22: =IF(N22="","",DATE(YEAR(N22)+5,MONTH(N22),DAY(N22)-1)) | Q22: =IF(P22="","",DATE(YEAR(P22)+5,MONTH(P22),DAY(P22)-1)) | S22: =IF(R22="","",DATE(YEAR(R22)+5,MONTH(R22),DAY(R22)-1)) | U22: =IF(T22="","",DATE(YEAR(T22)+5,MONTH(T22),DAY(T22)-1)) | W22: =IF(V22="","",V22+(2*365)+2)
M23: =IF(L23="","",DATE(YEAR(L23)+5,MONTH(L23),DAY(L23)-1)) | O23: =IF(N23="","",DATE(YEAR(N23)+5,MONTH(N23),DAY(N23)-1)) | Q23: =IF(P23="","",DATE(YEAR(P23)+5,MONTH(P23),DAY(P23)-1)) | S23: =IF(R23="","",DATE(YEAR(R23)+5,MONTH(R23),DAY(R23)-1)) | U23: =IF(T23="","",DATE(YEAR(T23)+5,MONTH(T23),DAY(T23)-1)) | W23: =IF(V23="","",V23+(2*365)+2)
M24: =IF(L24="","",DATE(YEAR(L24)+5,MONTH(L24),DAY(L24)-1)) | O24: =IF(N24="","",DATE(YEAR(N24)+5,MONTH(N24),DAY(N24)-1)) | Q24: =IF(P24="","",DATE(YEAR(P24)+5,MONTH(P24),DAY(P24)-1)) | S24: =IF(R24="","",DATE(YEAR(R24)+5,MONTH(R24),DAY(R24)-1)) | U24: =IF(T24="","",DATE(YEAR(T24)+5,MONTH(T24),DAY(T24)-1)) | W24: =IF(V24="","",V24+(2*365)+2)
M25: =IF(L25="","",DATE(YEAR(L25)+5,MONTH(L25),DAY(L25)-1)) | O25: =IF(N25="","",DATE(YEAR(N25)+5,MONTH(N25),DAY(N25)-1)) | Q25: =IF(P25="","",DATE(YEAR(P25)+5,MONTH(P25),DAY(P25)-1)) | S25: =IF(R25="","",DATE(YEAR(R25)+5,MONTH(R25),DAY(R25)-1)) | U25: =IF(T25="","",DATE(YEAR(T25)+5,MONTH(T25),DAY(T25)-1)) | W25: =IF(V25="","",V25+(2*365)+2)
M26: =IF(L26="","",DATE(YEAR(L26)+5,MONTH(L26),DAY(L26)-1)) | O26: =IF(N26="","",DATE(YEAR(N26)+5,MONTH(N26),DAY(N26)-1)) | Q26: =IF(P26="","",DATE(YEAR(P26)+5,MONTH(P26),DAY(P26)-1)) | S26: =IF(R26="","",DATE(YEAR(R26)+5,MONTH(R26),DAY(R26)-1)) | U26: =IF(T26="","",DATE(YEAR(T26)+5,MONTH(T26),DAY(T26)-1)) | W26: =IF(V26="","",V26+(2*365)+2)
M27: =IF(L27="","",DATE(YEAR(L27)+5,MONTH(L27),DAY(L27)-1)) | O27: =IF(N27="","",DATE(YEAR(N27)+5,MONTH(N27),DAY(N27)-1)) | Q27: =IF(P27="","",DATE(YEAR(P27)+5,MONTH(P27),DAY(P27)-1)) | S27: =IF(R27="","",DATE(YEAR(R27)+5,MONTH(R27),DAY(R27)-1)) | U27: =IF(T27="","",DATE(YEAR(T27)+5,MONTH(T27),DAY(T27)-1)) | W27: =IF(V27="","",V27+(2*365)+2)
M28: =IF(L28="","",DATE(YEAR(L28)+5,MONTH(L28),DAY(L28)-1)) | O28: =IF(N28="","",DATE(YEAR(N28)+5,MONTH(N28),DAY(N28)-1)) | Q28: =IF(P28="","",DATE(YEAR(P28)+5,MONTH(P28),DAY(P28)-1)) | S28: =IF(R28="","",DATE(YEAR(R28)+5,MONTH(R28),DAY(R28)-1)) | U28: =IF(T28="","",DATE(YEAR(T28)+5,MONTH(T28),DAY(T28)-1)) | W28: =IF(V28="","",V28+(2*365)+2)
M29: =IF(L29="","",DATE(YEAR(L29)+5,MONTH(L29),DAY(L29)-1)) | O29: =IF(N29="","",DATE(YEAR(N29)+5,MONTH(N29),DAY(N29)-1)) | Q29: =IF(P29="","",DATE(YEAR(P29)+5,MONTH(P29),DAY(P29)-1)) | S29: =IF(R29="","",DATE(YEAR(R29)+5,MONTH(R29),DAY(R29)-1)) | U29: =IF(T29="","",DATE(YEAR(T29)+5,MONTH(T29),DAY(T29)-1)) | W29: =IF(V29="","",V29+(2*365)+2)
M30: =IF(L30="","",DATE(YEAR(L30)+5,MONTH(L30),DAY(L30)-1)) | O30: =IF(N30="","",DATE(YEAR(N30)+5,MONTH(N30),DAY(N30)-1)) | Q30: =IF(P30="","",DATE(YEAR(P30)+5,MONTH(P30),DAY(P30)-1)) | S30: =IF(R30="","",DATE(YEAR(R30)+5,MONTH(R30),DAY(R30)-1)) | U30: =IF(T30="","",DATE(YEAR(T30)+5,MONTH(T30),DAY(T30)-1)) | W30: =IF(V30="","",V30+(2*365)+2)
... M106: =IF(L106="","",DATE(YEAR(L106)+5,MONTH(L106),DAY(L106)-1)) | O106: =IF(N106="","",DATE(YEAR(N106)+5,MONTH(N106),DAY(N106)-1)) | Q106: =IF(P106="","",DATE(YEAR(P106)+5,MONTH(P106),DAY(P106)-1)) | S106: =IF(R106="","",DATE(YEAR(R106)+5,MONTH(R106),DAY(R106)-1)) | U106: =IF(T106="","",DATE(YEAR(T106)+5,MONTH(T106),DAY(T106)-1)) | W106: =IF(V106="","",V106+(2*365)+2)
L109: pour les couleur : selection des cellules mise en forme conditionnelle

Sheet PROJET FORMATIONS 2014
B1: PLAN DE FORMATION 2014 | P1: Valeur du Panier repas : | R1: 16
A2: DIPOSITIF de Financement | B2: Type de formation | C2: Intitulé de la FORMATION | D2: Organisme | E2: Nombre d'heures | F2: Nombre de jours | G2: Date ou Période prévue | H2: Nbre de stag. | I2: Identité du stagiaires | K2: Coût pédagogique | L2: Taux horaire Brut Stagiaire | M2: Total Salaire Chargé | N2: Repas | O2: Frais annexes (transport - hébergement) | P2: Coût total de la formation
I3: Nom | J3: Prénom
E4: 10 | F4: 1 | H4: 1 | I4: Dubois | J4: =IF(I4="","",LOOKUP($I$4,NOMS:PRENOMS)) -> Francoise | K4: 100 | L4: 9 | M4: =L4*E4+((L4*E4)*0.45) -> 130.5 | N4: =IF(F4="","",$R$1*F4) -> 16 | P4: =SUM(K4,M4,N4,O4) -> 246.5 | R4: Externe | Y4: DIF
J5: =IF(I5="","",LOOKUP($I$4,NOMS:PRENOMS)) | N5: =IF(F5="","",$R$1*F5) | P5: =SUM(K5,M5,N5,O5) -> 0 | R5: Interne | Y5: PLAN
J6: =IF(I6="","",LOOKUP($I$4,NOMS:PRENOMS)) | N6: =IF(F6="","",$R$1*F6) | P6: =SUM(K6,M6,N6,O6) -> 0 | Y6: PERIODE PRO
J7: =IF(I7="","",LOOKUP($I$4,NOMS:PRENOMS)) | N7: =IF(F7="","",$R$1*F7) | P7: =SUM(K7,M7,N7,O7) -> 0 | Y7: CONTRAT PRO
J8: =IF(I8="","",LOOKUP($I$4,NOMS:PRENOMS)) | N8: =IF(F8="","",$R$1*F8) | P8: =SUM(K8,M8,N8,O8) -> 0 | Y8: CIF
J9: =IF(I9="","",LOOKUP($I$4,NOMS:PRENOMS)) | N9: =IF(F9="","",$R$1*F9) | P9: =SUM(K9,M9,N9,O9) -> 0
J10: =IF(I10="","",LOOKUP($I$4,NOMS:PRENOMS)) | N10: =IF(F10="","",$R$1*F10) | P10: =SUM(K10,M10,N10,O10) -> 0
J11: =IF(I11="","",LOOKUP($I$4,NOMS:PRENOMS)) | N11: =IF(F11="","",$R$1*F11) | P11: =SUM(K11,M11,N11,O11) -> 0
J12: =IF(I12="","",LOOKUP($I$4,NOMS:PRENOMS)) | N12: =IF(F12="","",$R$1*F12) | P12: =SUM(K12,M12,N12,O12) -> 0
J13: =IF(I13="","",LOOKUP($I$4,NOMS:PRENOMS)) | N13: =IF(F13="","",$R$1*F13) | P13: =SUM(K13,M13,N13,O13) -> 0
J14: =IF(I14="","",LOOKUP($I$4,NOMS:PRENOMS)) | N14: =IF(F14="","",$R$1*F14) | P14: =SUM(K14,M14,N14,O14) -> 0
J15: =IF(I15="","",LOOKUP($I$4,NOMS:PRENOMS)) | N15: =IF(F15="","",$R$1*F15) | P15: =SUM(K15,M15,N15,O15) -> 0
J16: =IF(I16="","",LOOKUP($I$4,NOMS:PRENOMS)) | N16: =IF(F16="","",$R$1*F16) | P16: =SUM(K16,M16,N16,O16) -> 0
J17: =IF(I17="","",LOOKUP($I$4,NOMS:PRENOMS)) | N17: =IF(F17="","",$R$1*F17) | P17: =SUM(K17,M17,N17,O17) -> 0
J18: =IF(I18="","",LOOKUP($I$4,NOMS:PRENOMS)) | N18: =IF(F18="","",$R$1*F18) | P18: =SUM(K18,M18,N18,O18) -> 0
J19: =IF(I19="","",LOOKUP($I$4,NOMS:PRENOMS)) | N19: =IF(F19="","",$R$1*F19) | P19: =SUM(K19,M19,N19,O19) -> 0
J20: =IF(I20="","",LOOKUP($I$4,NOMS:PRENOMS)) | N20: =IF(F20="","",$R$1*F20) | P20: =SUM(K20,M20,N20,O20) -> 0
... J67: =IF(I67="","",LOOKUP($I$4,NOMS:PRENOMS)) | N67: =IF(F67="","",$R$1*F67) | P67: =SUM(K67,M67,N67,O67) -> 0

Sheet GESTION FINANCIERE 2014
A1: ENTREPRISE
E2: Numéro d'Adérent OPCA : | I2: Login T-Gestion : | M2: Mot de pass T-Gestion:
A3: INFORMATIONS ENTREPRISE | H3: COTISATIONS | M3: Montants HT
Q4: VOS EXCEDENTS
C5: Effectifs 2013 | I5: PLAN = | K5: M.S. x | L5: 0.009 | M5: =E18*L5 -> 0
C7: Année de Franchissement +10 de salariés | I7: PRO = | K7: M.S. x | L7: 0.005 | M7: =E18*L7 -> 0 | R7: 2011 | U7: Total des excédents reportables
C9: Année de Franchissement +20 de salariés | I9: CIF = | K9: M.S. x | L9: =IF(E5>20,0.002,0.01) -> 0.01 | M9: =IF(E5>20,E13*L9,E15*L9) -> 0 | R9: 2012 | U9: =S7+S9+S11 -> 0
C11: M.S. Réelle 2012 | I11: Cotisation FPSPP | M11: =(M5+M7)*13% -> 0 | R11: 2013
C13: M.S. Réelle 2013 | K13: NE RIEN MODIFIER SAUF % PLAN et PRO
C15: M.S. CDD Réelle 2013
C18: M.S. TOTAL 2014 estimée | H18: OBLIGATION PLAN 2014 A DEPENSER (excédents déduit)
H19: =M5-(M11/2)-U9 -> 0
B24: GESTION DES FONDS ET VERSEMENTS OPCA
C26: Versement PLAN 2013 déjà effectués | G26: Solde OPCA (années antérieures) | J26: Plan OPCA 2014 | L26: =M5-(M11/2) -> 0 | M26: Fonds Plan OPCA disponible en 2014 | Q26: =H19+K26 -> 0
C28: VOS ACOMPTES OPCA (pour l'année en cours)
B30: Estimation | C30: 1er Acompte (Janvier) | E30: =E11*0.003 -> 0 | G30: Expédié le | K30: Montant H.T. | L30: =IF(H30<"",E30,0) -> 0 | O30: Montant TTC | Q30: =L30*1.196 -> 0
C32: 2e Acompte (Juin) | E32: =E11*0.003 -> 0 | G32: Expédié le | K32: Montant H.T. | L32: =IF(H32<"",E32,0) -> 0 | O32: Montant TTC | Q32: =L32*1.196 -> 0
C34: 3e Acompte (Septembre) | E34: =E11*0.002 -> 0 | G34: Expédié le | K34: Montant H.T. | L34: =IF(H34<"",E34,0) -> 0 | O34: Montant TTC | Q34: =L34*1.196 -> 0
C37: BORDEREAU OPCA 2014
C39: Montant des Formations non remboursé par l'OPCA sur 2013 | I39: Montant des taxes parafiscales | M39: Contribution FPSPP sur le Plan | Q39: =M11/2 -> 0
C42: Montant total des déductions | E42: =E26+F39+L39+Q39 -> 0 | H42: Reste du sur Plan | I42: =IF(M5-E42<0,0,M5-E42) -> 0 | K42: Montant H.T. de la contribution | M42: =Q39+M7+I42 -> 0
L44: T.V.A. | M44: =M42*0.196 -> 0
K46: Montant Total T.T.C. à régler | M46: =M42+M44 -> 0
B50: POINT SUR BUDGET FORMATION | W50: 0.0015
B51: ='POINT SUR BUDGET FORMATION'!D51 -> Plan de formation OPCA disponible à ce jour (Versements Plan + Solde OPCA - Plan de formation remboursé par l'OPCA) | E51: ='POINT SUR BUDGET FORMATION'!E51 -> 0 | W51: 0.002
W52: 0.003
B53: ='POINT SUR BUDGET FORMATION'!D53 -> A imputer sur 2483 de Janvier 2015 (sommes des montants non remboursés par l'OPCA) | E53: ='POINT SUR BUDGET FORMATION'!E53 -> 0 | W53: 0.0035
B54: ='POINT SUR BUDGET FORMATION'!D55 -> TOTAL PLAN restant à dépenser pour 2014 (Plan de formation sur MS 2013 - Versements Plan - A Imputer sur 2483 ) | E54: ='POINT SUR BUDGET FORMATION'!E55 -> 0 | W54: 0.004
W55: 0.005
B59: FRAIS GESTION ACE
W61: vide
C62: Part sur Plan de Formation | D62: =M5*20% -> 0 | H62: Frais (impression, poste…) | K62: =IF(E18<750000,50,IF(E18<1500000,75,IF(E18>1500000,100,""))) -> 50 | M62: Autres | W62: 0.004
D63: 20% du Montant du Plan | W63: 0.005
W64: 0.0055
B65: Total Facturation ACE | D65: =D62+K62+O62 -> 50 | H65: Montant Semestriel H.T. | K65: =D65/2 -> 25 | L65: Montant Semestriel T.T.C. | O65: =K65*1.196 -> 29.9 | W65: 0.006
W66: 0.007
H67: Montant Mensuel H.T. | K67: =D65/12 -> 4.1666667 | L67: Montant Mensuel T.T.C. | O67: =K67*1.196 -> 4.9833333 | W67: 0.008
W68: 0.009
B69: Frais impression, Poste : | D69: 50€ si MS<750 000 75€ si 750 000€ <MS< 1 500 000€ 100€ si MS> 1 500 000€
W71: 2008
W72: 2009
W73: 2010
W74: 2011
W75: 2012
W76: 2013
W78: 0.0015
W79: 0.002
W80: 0.003
W81: 0.0035
W82: 0.004
W83: 0.005
... W87: 0.01

Sheet POINT SUR BUDGET FORMATION
B1: ='GESTION FINANCIERE 2014'!$A$1 -> ENTREPRISE
A2: Vos Identifiants OPCA: | B2: ='GESTION FINANCIERE 2014'!$H$2 -> 0 | C2: CODE T-GESTION : | D2: ='GESTION FINANCIERE 2014'!$K$2 -> 0 | E2: Le point sur votre budget formation à la date du : | G2: =NOW() -> 41591.708
D3: ='GESTION FINANCIERE 2014'!$Q$2 -> 0 | E3: COÛT DE LA FORMATION | I3: LE PLAN DE FORMATION | N3: LA PROFESSIONNALISATION
A4: N° DOSSIER OPCA | B4: N° FACTURE OPCA | C4: N° FACTURE INTERNE | D4: FORMATION | E4: COUT Pédagogique | F4: Salaire + frais déplacement | G4: Cout total | I4: Plan de formation | J4: Paiment OPCA sur Plan | K4: Reste à percevoir de l'OPCA sur Plan | L4: A Imputer sur 2483 | N4: Professionnalisation | O4: Paiment OPCA sur la Professionnalisation | P4: Reste à percevoir de l'OPCA sur la Professionnalisation | R4: Etat OPCA / Etat ACE
G6: =E6+F6 -> 0 | I6: =G6-N6 -> 0 | K6: =I6-J6-L6 -> 0 | L6: =IF(J6>0,I6-J6,IF(I6-J6=0,0,IF(E51-I6<0,I6-J6-E51,IF(E51-I6>=0,0,I6-J6)))) -> 0 | P6: =N6-O6 -> 0
G7: =E7+F7 -> 0 | I7: =G7-N7 -> 0 | K7: =I7-J7-L7 -> 0 | L7: =IF(J7>0,I7-J7,IF(I7-J7=0,0,IF(E51-I7<0,I7-J7-E51,IF(E51-I7>=0,0,I7-J7)))) -> 0 | P7: =N7-O7 -> 0
G8: =E8+F8 -> 0 | I8: =G8-N8 -> 0 | K8: =I8-J8-L8 -> 0 | L8: =IF(J8>0,I8-J8,IF(I8-J8=0,0,IF(E51-I8<0,I8-J8-E51,IF(E51-I8>=0,0,I8-J8)))) -> 0 | P8: =N8-O8 -> 0
G9: =E9+F9 -> 0 | I9: =G9-N9 -> 0 | K9: =I9-J9-L9 -> 0 | L9: =IF(J9>0,I9-J9,IF(I9-J9=0,0,IF(E51-I9<0,I9-J9-E51,IF(E51-I9>=0,0,I9-J9)))) -> 0 | P9: =N9-O9 -> 0
G10: =E10+F10 -> 0 | I10: =G10-N10 -> 0 | K10: =I10-J10-L10 -> 0 | L10: =IF(J10>0,I10-J10,IF(I10-J10=0,0,IF(E51-I10<0,I10-J10-E51,IF(E51-I10>=0,0,I10-J10)))) -> 0 | P10: =N10-O10 -> 0
G11: =E11+F11 -> 0 | I11: =G11-N11 -> 0 | K11: =I11-J11-L11 -> 0 | L11: =IF(J11>0,I11-J11,IF(I11-J11=0,0,IF(E51-I11<0,I11-J11-E51,IF(E51-I11>=0,0,I11-J11)))) -> 0 | P11: =N11-O11 -> 0
G12: =E12+F12 -> 0 | I12: =G12-N12 -> 0 | K12: =I12-J12-L12 -> 0 | L12: =IF(J12>0,I12-J12,IF(I12-J12=0,0,IF(E51-I12<0,I12-J12-E51,IF(E51-I12>=0,0,I12-J12)))) -> 0 | P12: =N12-O12 -> 0
G13: =E13+F13 -> 0 | I13: =G13-N13 -> 0 | K13: =I13-J13-L13 -> 0 | L13: =IF(J13>0,I13-J13,IF(I13-J13=0,0,IF(E51-I13<0,I13-J13-E51,IF(E51-I13>=0,0,I13-J13)))) -> 0 | P13: =N13-O13 -> 0
G14: =E14+F14 -> 0 | I14: =G14-N14 -> 0 | K14: =I14-J14-L14 -> 0 | L14: =IF(J14>0,I14-J14,IF(I14-J14=0,0,IF(E51-I14<0,I14-J14-E51,IF(E51-I14>=0,0,I14-J14)))) -> 0 | P14: =N14-O14 -> 0
G15: =E15+F15 -> 0 | I15: =G15-N15 -> 0 | K15: =I15-J15-L15 -> 0 | L15: =IF(J15>0,I15-J15,IF(I15-J15=0,0,IF(E51-I15<0,I15-J15-E51,IF(E51-I15>=0,0,I15-J15)))) -> 0 | P15: =N15-O15 -> 0
G16: =E16+F16 -> 0 | I16: =G16-N16 -> 0 | K16: =I16-J16-L16 -> 0 | L16: =IF(J16>0,I16-J16,IF(I16-J16=0,0,IF(E51-I16<0,I16-J16-E51,IF(E51-I16>=0,0,I16-J16)))) -> 0 | P16: =N16-O16 -> 0
G17: =E17+F17 -> 0 | I17: =G17-N17 -> 0 | K17: =I17-J17-L17 -> 0 | L17: =IF(J17>0,I17-J17,IF(I17-J17=0,0,IF(E51-I17<0,I17-J17-E51,IF(E51-I17>=0,0,I17-J17)))) -> 0 | P17: =N17-O17 -> 0
G18: =E18+F18 -> 0 | I18: =G18-N18 -> 0 | K18: =I18-J18-L18 -> 0 | L18: =IF(J18>0,I18-J18,IF(I18-J18=0,0,IF(E51-I18<0,I18-J18-E51,IF(E51-I18>=0,0,I18-J18)))) -> 0 | P18: =N18-O18 -> 0
G19: =E19+F19 -> 0 | I19: =G19-N19 -> 0 | K19: =I19-J19-L19 -> 0 | L19: =IF(J19>0,I19-J19,IF(I19-J19=0,0,IF(E51-I19<0,I19-J19-E51,IF(E51-I19>=0,0,I19-J19)))) -> 0 | P19: =N19-O19 -> 0
G20: =E20+F20 -> 0 | I20: =G20-N20 -> 0 | K20: =I20-J20-L20 -> 0 | L20: =IF(J20>0,I20-J20,IF(I20-J20=0,0,IF(E51-I20<0,I20-J20-E51,IF(E51-I20>=0,0,I20-J20)))) -> 0 | P20: =N20-O20 -> 0
G21: =E21+F21 -> 0 | I21: =G21-N21 -> 0 | K21: =I21-J21-L21 -> 0 | L21: =IF(J21>0,I21-J21,IF(I21-J21=0,0,IF(E51-I21<0,I21-J21-E51,IF(E51-I21>=0,0,I21-J21)))) -> 0 | P21: =N21-O21 -> 0
G22: =E22+F22 -> 0 | I22: =G22-N22 -> 0 | K22: =I22-J22-L22 -> 0 | L22: =IF(J22>0,I22-J22,IF(I22-J22=0,0,IF(E51-I22<0,I22-J22-E51,IF(E51-I22>=0,0,I22-J22)))) -> 0 | P22: =N22-O22 -> 0
G23: =E23+F23 -> 0 | I23: =G23-N23 -> 0 | K23: =I23-J23-L23 -> 0 | L23: =IF(J23>0,I23-J23,IF(I23-J23=0,0,IF(E51-I23<0,I23-J23-E51,IF(E51-I23>=0,0,I23-J23)))) -> 0 | P23: =N23-O23 -> 0
G24: =E24+F24 -> 0 | I24: =G24-N24 -> 0 | K24: =I24-J24-L24 -> 0 | L24: =IF(J24>0,I24-J24,IF(I24-J24=0,0,IF(E51-I24<0,I24-J24-E51,IF(E51-I24>=0,0,I24-J24)))) -> 0 | P24: =N24-O24 -> 0
G25: =E25+F25 -> 0 | I25: =G25-N25 -> 0 | K25: =I25-J25-L25 -> 0 | L25: =IF(J25>0,I25-J25,IF(I25-J25=0,0,IF(E51-I25<0,I25-J25-E51,IF(E51-I25>=0,0,I25-J25)))) -> 0 | P25: =N25-O25 -> 0
G26: =E26+F26 -> 0 | I26: =G26-N26 -> 0 | K26: =I26-J26-L26 -> 0 | L26: =IF(J26>0,I26-J26,IF(I26-J26=0,0,IF(E51-I26<0,I26-J26-E51,IF(E51-I26>=0,0,I26-J26)))) -> 0 | P26: =N26-O26 -> 0
G27: =E27+F27 -> 0 | I27: =G27-N27 -> 0 | K27: =I27-J27-L27 -> 0 | L27: =IF(J27>0,I27-J27,IF(I27-J27=0,0,IF(E51-I27<0,I27-J27-E51,IF(E51-I27>=0,0,I27-J27)))) -> 0 | P27: =N27-O27 -> 0
G28: =E28+F28 -> 0 | I28: =G28-N28 -> 0 | K28: =I28-J28-L28 -> 0 | L28: =IF(J28>0,I28-J28,IF(I28-J28=0,0,IF(E51-I28<0,I28-J28-E51,IF(E51-I28>=0,0,I28-J28)))) -> 0 | P28: =N28-O28 -> 0
G29: =E29+F29 -> 0 | I29: =G29-N29 -> 0 | K29: =I29-J29-L29 -> 0 | L29: =IF(J29>0,I29-J29,IF(I29-J29=0,0,IF(E51-I29<0,I29-J29-E51,IF(E51-I29>=0,0,I29-J29)))) -> 0 | P29: =N29-O29 -> 0
G30: =E30+F30 -> 0 | I30: =G30-N30 -> 0 | K30: =I30-J30-L30 -> 0 | L30: =IF(J30>0,I30-J30,IF(I30-J30=0,0,IF(E51-I30<0,I30-J30-E51,IF(E51-I30>=0,0,I30-J30)))) -> 0 | P30: =N30-O30 -> 0
G31: =E31+F31 -> 0 | I31: =G31-N31 -> 0 | K31: =I31-J31-L31 -> 0 | L31: =IF(J31>0,I31-J31,IF(I31-J31=0,0,IF(E51-I31<0,I31-J31-E51,IF(E51-I31>=0,0,I31-J31)))) -> 0 | P31: =N31-O31 -> 0
G32: =E32+F32 -> 0 | I32: =G32-N32 -> 0 | K32: =I32-J32-L32 -> 0 | L32: =IF(J32>0,I32-J32,IF(I32-J32=0,0,IF(E51-I32<0,I32-J32-E51,IF(E51-I32>=0,0,I32-J32)))) -> 0 | P32: =N32-O32 -> 0
G33: =E33+F33 -> 0 | I33: =G33-N33 -> 0 | K33: =I33-J33-L33 -> 0 | L33: =IF(J33>0,I33-J33,IF(I33-J33=0,0,IF(E51-I33<0,I33-J33-E51,IF(E51-I33>=0,0,I33-J33)))) -> 0 | P33: =N33-O33 -> 0
G34: =E34+F34 -> 0 | I34: =G34-N34 -> 0 | K34: =I34-J34-L34 -> 0 | L34: =IF(J34>0,I34-J34,IF(I34-J34=0,0,IF(E51-I34<0,I34-J34-E51,IF(E51-I34>=0,0,I34-J34)))) -> 0 | P34: =N34-O34 -> 0
G35: =E35+F35 -> 0 | I35: =G35-N35 -> 0 | K35: =I35-J35-L35 -> 0 | L35: =IF(J35>0,I35-J35,IF(I35-J35=0,0,IF(E51-I35<0,I35-J35-E51,IF(E51-I35>=0,0,I35-J35)))) -> 0 | P35: =N35-O35 -> 0
G36: =E36+F36 -> 0 | I36: =G36-N36 -> 0 | K36: =I36-J36-L36 -> 0 | L36: =IF(J36>0,I36-J36,IF(I36-J36=0,0,IF(E51-I36<0,I36-J36-E51,IF(E51-I36>=0,0,I36-J36)))) -> 0 | P36: =N36-O36 -> 0
G37: =E37+F37 -> 0 | I37: =G37-N37 -> 0 | K37: =I37-J37-L37 -> 0 | L37: =IF(J37>0,I37-J37,IF(I37-J37=0,0,IF(E51-I37<0,I37-J37-E51,IF(E51-I37>=0,0,I37-J37)))) -> 0 | P37: =N37-O37 -> 0
G38: =E38+F38 -> 0 | I38: =G38-N38 -> 0 | K38: =I38-J38-L38 -> 0 | L38: =IF(J38>0,I38-J38,IF(I38-J38=0,0,IF(E51-I38<0,I38-J38-E51,IF(E51-I38>=0,0,I38-J38)))) -> 0 | P38: =N38-O38 -> 0
G39: =E39+F39 -> 0 | I39: =G39-N39 -> 0 | K39: =I39-J39-L39 -> 0 | L39: =IF(J39>0,I39-J39,IF(I39-J39=0,0,IF(E51-I39<0,I39-J39-E51,IF(E51-I39>=0,0,I39-J39)))) -> 0 | P39: =N39-O39 -> 0
G40: =E40+F40 -> 0 | I40: =G40-N40 -> 0 | K40: =I40-J40-L40 -> 0 | L40: =IF(J40>0,I40-J40,IF(I40-J40=0,0,IF(E51-I40<0,I40-J40-E51,IF(E51-I40>=0,0,I40-J40)))) -> 0 | P40: =N40-O40 -> 0
G41: =E41+F41 -> 0 | I41: =G41-N41 -> 0 | K41: =I41-J41-L41 -> 0 | L41: =IF(J41>0,I41-J41,IF(I41-J41=0,0,IF(E51-I41<0,I41-J41-E51,IF(E51-I41>=0,0,I41-J41)))) -> 0 | P41: =N41-O41 -> 0
G42: =E42+F42 -> 0 | I42: =G42-N42 -> 0 | K42: =I42-J42-L42 -> 0 | L42: =IF(J42>0,I42-J42,IF(I42-J42=0,0,IF(E51-I42<0,I42-J42-E51,IF(E51-I42>=0,0,I42-J42)))) -> 0 | P42: =N42-O42 -> 0
G43: =E43+F43 -> 0 | I43: =G43-N43 -> 0 | K43: =I43-J43-L43 -> 0 | L43: =IF(J43>0,I43-J43,IF(I43-J43=0,0,IF(E51-I43<0,I43-J43-E51,IF(E51-I43>=0,0,I43-J43)))) -> 0 | P43: =N43-O43 -> 0
D44: TOTAL | E44: =SUM(E6:E43) -> 0 | F44: =SUM(F6:F43) -> 0 | G44: =SUM(G6:G43) -> 0 | I44: =SUM(I6:I43) -> 0 | J44: =SUM(J6:J43) -> 0 | K44: =SUM(K6:K43) -> 0 | L44: =SUM(L6:L43) -> 0 | N44: =SUM(N6:N43) -> 0 | O44: =SUM(O6:O43) -> 0 | P44: =SUM(P6:P43) -> 0
B45: OBLIGATIONS & VERSEMENTS | D45: PLAN de formation sur MS 2013 (FPSPP Déduit) (montant de l'obligation légale des dépenses en formation sur 2013) | E45: ='GESTION FINANCIERE 2014'!$L$26 -> 0
D47: Montant de la Contribution Obligatoire sur la Professionnalisation | E47: ='GESTION FINANCIERE 2014'!$M$7 -> 0 | F47: OPTIMISATION DE LA CONTRIBUTION (si positif = mauvaise optimisation si négatif = bonne optimisation) | H47: =E47-N44 -> 0
B48: GESTION FINANCIERE OPCA | D48: Versements PLAN 2014 effectués (acompte Janvier/Juin/Septembre) | E48: =('GESTION FINANCIERE 2014'!$L$30)+('GESTION FINANCIERE 2014'!$L$32)+('GESTION FINANCIERE 2014'!$L$34) -> 0 | F48: Janvier | G48: Juin | H48: Septembre
F49: =('GESTION FINANCIERE 2014'!$L$30) -> 0 | G49: =('GESTION FINANCIERE 2014'!$L$32) -> 0 | H49: =('GESTION FINANCIERE 2014'!$L$34) -> 0
D50: Solde OPCA restant sur les Années précédentes (2012/2013) | E50: ='GESTION FINANCIERE 2014'!$I$26 -> 0 | F50: 2012 : / 2013 :
D51: Plan de formation OPCA disponible à ce jour (Versements Plan + Solde OPCA - Plan de formation remboursé par l'OPCA) | E51: =E48+E50-J44 -> 0 | F51: > si total négatif = solde qu'il faut verser pour paiment des factures restantes par l'OPCA | H51: Reste sur PLAN sur total demandé (Versements Plan + Solde OPCA - Montants Plan demandés à l'OPCA) | K51: =E48+E50-(I44-L44) -> 0
B53: GESTION FINANCIERE INTERNE | D53: A imputer sur 2483 de Janvier 2015 (sommes des montants non remboursés par l'OPCA) | E53: =L44 -> 0 | F53: >Montant des formations non facturés à l'OPCA à reporter sur déclaration fiscale 2483
D54: Excédents reportables 2011 / 2012 / 2013 | E54: ='GESTION FINANCIERE 2014'!$U$9 -> 0 | F54: >Montant des dépassements des obligations légales reportables (reportabilité sur N-3, permet un ajustement des obligations sur 3 ans)
B55: GESTION FINANCIERE GLOBALE | D55: TOTAL PLAN restant à dépenser pour 2014 (Plan de formation sur MS 2013 - Versements Plan - A Imputer sur 2483 ) | E55: =E45-E48-E53 -> 0 | F55: > si total négatif = dépassement des obligations légales > si total positif = obligations légales non atteintes

Sheet FACT INTERNE
B2: Raison sociale de l'entreprise : | C2: ='GESTION FINANCIERE 2014'!$A$1 -> ENTREPRISE
B3: Adresse :
B4: Complément d'adresse :
B5: Code Postal : | D5: Ville :
B6: Téléphone :
A9: Formation : | E9: Dates de la formation : | G9: Du | I9: au
B10: FACTURE n° | D10: COUT PEDAGOGIQUE
A11: NOM | B11: PRENOMS | C11: Intitulé de la formation | D11: Durée de formation en heures | E11: Taux horaire brut | F11: Prorata de salaires et charges sociales | G11: Repas | H11: Hébergement | I11: Transports | J11: Totaux par ligne
F12: =E12*145%*D12 -> 0 | J12: =F12+G12+H12+I12 -> 0
F13: =E13*145%*D13 -> 0 | J13: =F13+G13+H13+I13 -> 0
F14: =E14*145%*D14 -> 0 | J14: =F14+G14+H14+I14 -> 0
F15: =E15*145%*D15 -> 0 | J15: =F15+G15+H15+I15 -> 0
F16: =E16*145%*D16 -> 0 | J16: =F16+G16+H16+I16 -> 0
F17: =E17*145%*D17 -> 0 | J17: =F17+G17+H17+I17 -> 0
F18: =E18*145%*D18 -> 0 | J18: =F18+G18+H18+I18 -> 0
F19: =SUM(F12:F18) -> 0 | G19: Total des frais salaires et frais annexes | J19: =SUM(J12:J18) -> 0
I20: Montant Total | J20: =SUM(J19+J10) -> 0
